 Dungeon Crawl Stone Soup version 0.32-a0-135-g14f8b2e1af (webtiles) character file.

Game seed: 15108096442073896555

9361 DreamRender the Covert (level 11, -12/56 HPs)
             Began as a Spriggan Enchanter on Feb 10, 2024.
             Was an Initiate of Gozag.
             Shot with an arrow by a centaur warrior (20 damage)
             ... on level 9 of the Dungeon.
             The game lasted 00:20:32 (10778 turns).

DreamRender the Covert (Spriggan Enchanter)        Turns: 10778, Time: 00:20:33

Health: -12/56     AC:  4    Str:  4    XL:     11   Next: 22%
Magic:  2/21       EV: 25    Int: 17    God:    Gozag
Gold:   1562       SH:  5    Dex: 26    Spells: 17/22 levels left

rFire   . . .        C - +3 dagger "Ywuy" {venom, rElec rF- rN+}
rCold   . . .        B - +0 buckler
rNeg    + . .        b - +0 robe
rPois   .            r - +2 hat
rElec   +            (no cloak)
rCorr   .            (gloves unavailable)
SInv    +            (boots unavailable)
Will    +....        (no amulet)
Stlth   ++++++       F - ring of protection from fire
HPRegen 0.29/turn    D - +6 ring of dexterity
MPRegen 0.17/turn

%: no passive effects
@: very quick
A: very small, no large weapons, unfitting armour, see invisible, speed 3
a: Renounce Religion, Potion Petition, Call Merchant, Bribe Branch


You were on level 9 of the Dungeon.
You worshipped Gozag.
Gozag was most pleased with you.
You visited 1 branch of the dungeon, and saw 9 of its levels.

You collected 1618 gold pieces.
You spent 36 gold pieces at shops.
You paid 20 gold pieces to Gozag.

Inventory:

Hand Weapons
 a - a +1 dagger
 f - a +2 dagger of venom
 C - the +3 dagger "Ywuy" (weapon) {venom, rElec rF- rN+}
   (You found it on level 7 of the Dungeon)

   rF-:       It makes you vulnerable to fire.
   rElec:     It insulates you from electricity.
   rN+:       It protects you from negative energy.
 E - the +2 trident of Gakhurph {freeze, Str+3 Int+3 Dex-4 SInv}
   (You found it on level 8 of the Dungeon)

   Str+3:     It affects your strength (+3).
   Int+3:     It affects your intelligence (+3).
   Dex-4:     It affects your dexterity (-4).
   SInv:      It lets you see invisible.
Missiles
 q - a throwing net {=f!f}
Armour
 b - a +0 robe (worn)
 r - a +2 hat (worn)
 B - a +0 buckler (worn)
Magical Staves
 G - a staff of alchemy {!a}
Jewellery
 D - a +6 ring of dexterity (right hand)
 F - a ring of protection from fire (left hand)
 R - a ring of resist corrosion
Wands
 u - a wand of charming (4)
 y - a wand of polymorph (22)
Scrolls
 h - 2 scrolls of enchant weapon
 i - 3 scrolls of immolation {!r!r}
 j - 4 scrolls of fear {unknown}
 l - 5 scrolls of teleportation {@r4}
 m - a scroll of noise {!r}
 p - 2 scrolls of fog
 v - a scroll of enchant armour
Potions
 c - a potion of invisibility
 d - a potion of degeneration {unknown}
 e - 5 potions of attraction {!q}
 g - 2 potions of mutation {unknown}
 k - 2 potions of heal wounds {unknown}
 n - 3 potions of brilliance
 o - 4 potions of curing {unknown}
 s - 3 potions of enlightenment {unknown}
 t - 3 potions of cancellation {unknown}
 w - 2 potions of lignification {unknown}
 z - a potion of resistance {unknown}


   Skills:
 - Level 6.0 Fighting
 - Level 10.0 Short Blades
 + Level 8.7 Dodging
 + Level 12.6 Stealth
 - Level 6.0 Spellcasting
 - Level 10.0 Hexes


You had 17 spell levels left.
You knew the following spells:

 Your Spells              Type           Power      Damage    Failure   Level
c - Confusing Touch       Hex            39%        N/A       1%          3
e - Ensorcelled Hibernat  Hex/Ice        44%        N/A       4%          2

Your spell library contained the following spells:

 Spells                   Type           Power      Damage    Failure   Level
 Tukima's Dance           Hex            39%        N/A       1%          3
 Dazzling Flash           Conj/Hex       44%        N/A       10%         3
 Sandblast                Erth           10%        2d5       26%         1
 Lesser Beckoning         Tloc           10%        N/A       36%         2
 Gell's Gravitas          Tloc           5%         N/A       61%         3
 Hailstorm                Conj/Ice       5%         3d5       61%         3
 Passwall                 Erth           5%         N/A       61%         3
 Stone Arrow              Conj/Erth      10%        3d7       61%         3
 Summon Ice Beast         Ice/Summ       5%         N/A       61%         3
 Teleport Other           Tloc           5%         N/A       61%         3
 Animate Armour           Summ/Erth      10%        N/A       95%         4
 Brom's Barrelling Bould  Conj/Erth      5%         2d3       95%         4
 Summon Lightning Spire   Summ/Air       5%         N/A       95%         4
 Lee's Rapid Deconstruct  Erth           2%         3d5*      100%        5
 Sculpt Simulacrum        Ice/Alch       2%         N/A       100%        6


Dungeon Overview and Level Annotations

Branches:
Dungeon (9/15)             Temple (0/1) D:6            Lair (0/5) D:8
    Orc (0/2) D:9

Altars:
Ashenzari
Elyvilon
Gozag
Nemelex Xobeh
Okawaru
Qazlal
Uskayaw
Vehumet
Wu Jian
Xom
Yredelemnul
Zin

Shops:
D:4 *   D:5 *[[   D:8 =

Annotations:
D:3 3 runed translucent doors, iamserjio's ghost, weakling TeFE
D:9 Harold


Innate Abilities, Weirdness & Mutations

You are very small and have problems with some larger weapons.
You are too small for most types of armour.
You have supernaturally acute eyesight. (SInv)
You cover ground extremely quickly. (Speed+++)


Message History

Aim: a tengu conjurer, wearing a +0 buckler (chance to affect: 54%)
The tengu conjurer resists with significant effort.
The tengu conjurer casts a spell at you.
The bolt of lightning misses you.
Casting: Ensorcelled Hibernation (safe; 4% risk of failure)
Confirm with . or Enter, or press ? or * to list all spells.
Aiming: Ensorcelled Hibernation (safe; 4% risk of failure)
Press: ? - help, Shift-Dir - straight line, f/p - tengu conjurer
Aim: a tengu conjurer, wearing a +0 buckler (chance to affect: 54%)
The tengu conjurer resists with significant effort.
The rakshasa blinks!
Casting: Ensorcelled Hibernation (safe; 4% risk of failure)
Confirm with . or Enter, or press ? or * to list all spells.
Aiming: Ensorcelled Hibernation (safe; 4% risk of failure)
Press: ? - help, Shift-Dir - straight line, f - centaur warrior, p - tengu conjurer
Aim: a centaur warrior (chance to affect: 37%)
The centaur warrior easily resists.
The centaur warrior hits you. The centaur warrior misses you.
Unknown command.
Aiming: Charm
Press: ? - help, Q - select action, (/) - cycle Shift-Dir - straight line, f/p - centaur warrior
Aim: a centaur warrior (chance to affect: 31%)
The centaur warrior easily resists.
A battlesphere comes into view.
The centaur warrior completely misses you.
You block the centaur warrior's attack.
The rakshasa weaves an illusion.
A boulder beetle comes into view.
The centaur warrior attacks as it pursues you!
The centaur warrior completely misses you.
The centaur warrior kicks you.
There is an open door here.
The centaur warrior wields a +0 orcbow.
The centaur warrior shoots an arrow.
The arrow completely misses you.
Unknown command.
Unknown command.
Your magical contamination has completely faded away.
Unknown command.
The two-headed ogre shouts in stereo!
The centaur warrior shoots an arrow.
The arrow hits you!!
* * * LOW HITPOINT WARNING * * *
A killer bee comes into view.
There is an open door, spattered with blood here.
The centaur warrior shoots an arrow.
The arrow misses you.
The two-headed ogre completely misses you.
You block the two-headed ogre's attack.
Unknown command.
The centaur warrior shoots an arrow.
The arrow hits you!!
You die...
Your body crumbles into a pile of gold.

.###......#####...##..#.#####'###
.#.##.#..[.#....####..#.# #.#
....#.##...[....# ##.[.# #..
.#.##....###..#.# ##....#.. +..#
.....>...####...###.....#.. #..'
..........##...........y'. #####
...##.....#.............#
#.....##........###.....#
####......##.##.@##o....#
#......##........O....#
###.....###...#####'##### #
#........###..##.......## .#
#...#......#..#.#.....#.# ##.##.
#....(.....#..#..#...#c.# o....#
###...........#...#)#...###QJ.#
##...........'....#)...'.*#
#.........##.#...#.#...###R#


You could see a centaur warrior and a two-headed ogre.

Vanquished Creatures
  Erolcha (D:9)
  Erica (D:9)
  2 two-headed ogres (D:9)
  A tengu warrior (D:9)
  A manticore (D:9)
  A kobold demonologist (D:9)
  A troll (D:8)
  9 yaks
  A vampire mosquito (D:6)
  3 water moccasins
  An acid dragon (D:9)
  2 ice beasts
  3 orc warriors
  2 sky beasts
  2 ogres
  A wolf (D:8)
  3 centaurs
  2 phantoms (D:5)
  A kobold brigand (D:9)
  A gnoll sergeant (D:6)
  4 bullfrogs
  9 scorpions
  2 wights (D:9)
  A killer bee (D:6)
  A howler monkey (D:9)
  2 electric eels (D:8)
  2 bombardier beetles
  3 jellies
  2 sleepcaps (D:5)
  13 hounds
  9 orc priests
  2 iguanas
  5 orc wizards
  3 gnolls (D:6)
  7 adders
  4 shadow imps
  A white imp (D:4)
  4 ufetubi
  A ribbon worm (D:4)
  4 dart slugs
  16 orcs
  10 endoplasms
  9 giant cockroaches
  4 hobgoblins
  15 jackals
  5 kobolds
  5 quokkas
  10 ball pythons
  8 bats
  2 frilled lizards
  10 goblins
  6 rats
218 creatures vanquished.

Vanquished Creatures (collateral kills)
  A wight (D:9)
  An orc priest (D:8)
2 creatures vanquished.

Vanquished Creatures (others)
  An orc (D:8)
1 creature vanquished.

Grand Total: 221 creatures vanquished

Notes
Turn   | Place    | Note
-------+----------+-------------------------------------------
     0 | D:1      | DreamRender the Spriggan Enchanter began the quest for the
                  | Orb.
     0 | D:1      | Reached XP level 1. HP: 9/9 MP: 5/5
   326 | D:1      | Reached skill level 5 in Stealth
   326 | D:1      | Reached XP level 2. HP: 13/13 MP: 6/6
   583 | D:1      | Learned a level 2 spell: Ensorcelled Hibernation
   774 | D:1      | Found a faded altar of an unknown god.
   787 | D:1      | Reached XP level 3. HP: 14/16 MP: 8/8
  1553 | D:1      | Learned a level 3 spell: Confusing Touch
  1793 | D:2      | Found an opulent altar of Gozag.
  1953 | D:2      | Reached skill level 6 in Stealth
  1986 | D:2      | Reached skill level 3 in Short Blades
  2134 | D:2      | Reached XP level 4. HP: 21/21 MP: 9/9
  2349 | D:2      | Became a worshipper of Gozag Ym Sagoz the Greedy
  2366 | D:3      | Noticed an orc warrior
  2380 | D:2      | Killed an orc warrior
  2381 | D:2      | Reached skill level 7 in Stealth
  2381 | D:2      | Reached XP level 5. HP: 23/24 MP: 7/10
  2577 | D:3      | Found a runed translucent gate.
  2579 | D:3      | Found a runed translucent gate.
  2579 | D:3      | Found an opulent altar of Gozag.
  2580 | D:3      | Found a runed translucent gate.
  2582 | D:3      | Noticed iamserjio's ghost (weakling TeFE)
  3158 | D:3      | Reached skill level 8 in Stealth
  3158 | D:3      | Reached XP level 6. HP: 28/28 MP: 6/11
  3678 | D:3      | Reached skill level 3 in Spellcasting
  4203 | D:4      | Reached XP level 7. HP: 32/32 MP: 12/14
  4350 | D:4      | Found Zin's Purification Station.
  4350 | D:4      | Found a glowing silver altar of Zin.
  4431 | D:4      | Reached skill level 6 in Hexes
  4564 | D:5      | Entered Level 5 of the Dungeon
  4591 | D:5      | Found Uzixon's Antique Armour Shoppe.
  4656 | D:5      | Found Sazuegia's Armour Shop.
  4757 | D:5      | Found an ornate altar of the Wu Jian Council.
  5058 | D:5      | Reached skill level 3 in Dodging
  5079 | D:5      | Reached skill level 1 in Fighting
  5079 | D:5      | Reached XP level 8. HP: 21/37 MP: 6/15
  5160 | D:5      | Found an iron altar of Okawaru.
  5168 | D:5      | Found a broken altar of Ashenzari.
  5169 | D:5      | Found a shimmering altar of Xom.
  5171 | D:5      | Found a white marble altar of Elyvilon.
  5171 | D:5      | Found a hide-covered altar of Uskayaw.
  5172 | D:5      | Found a radiant altar of Vehumet.
  5179 | D:5      | Found a basalt altar of Yredelemnul.
  5195 | D:5      | Found Docridia's General Store.
  5210 | D:5      | Bought a scroll of teleportation for 36 gold pieces
  5533 | D:6      | Reached skill level 3 in Fighting
  5533 | D:6      | Reached skill level 6 in Dodging
  5665 | D:6      | Found a stormy altar of Qazlal.
  6157 | D:6      | Found a runed translucent door.
  6173 | D:6      | Found a runed translucent door.
  6223 | D:6      | Reached XP level 9. HP: 17/44 MP: 8/16
  6365 | D:6      | Reached skill level 9 in Stealth
  6493 | D:6      | Found a staircase to the Ecumenical Temple.
  6875 | D:6      | Reached skill level 6 in Short Blades
  6896 | D:6      | Reached skill level 10 in Stealth
  7382 | D:7      | Reached skill level 11 in Stealth
  7539 | D:7      | Identified the +3 dagger "Ywuy" {venom, rElec rF- rN+}
  8015 | D:7      | Found a sparkling altar of Nemelex Xobeh.
  8239 | D:8      | Identified the +2 trident of Gakhurph {freeze, Str+3 Int+3
                  | Dex-4 SInv}
  8266 | D:8      | Noticed a troll
  8280 | D:8      | Killed a troll
  8281 | D:8      | Reached skill level 12 in Stealth
  8319 | D:8      | Reached XP level 10. HP: 25/49 MP: 2/18
  8544 | D:8      | Found a staircase to the Lair.
  8653 | D:8      | Found Fot Nonk's Jewellery Emporium.
  9275 | D:9      | Found a staircase to the Orcish Mines.
  9412 | D:9      | Noticed Erica
  9419 | D:9      | Killed Erica
  9420 | D:9      | Reached skill level 6 in Spellcasting
  9449 | D:9      | Noticed a two-headed ogre
  9457 | D:9      | Killed a two-headed ogre
  9458 | D:9      | Reached skill level 6 in Fighting
  9655 | D:9      | Noticed a two-headed ogre
 10358 | D:9      | Noticed Harold
 10366 | D:9      | Reached skill level 9 in Hexes
 10372 | D:9      | Reached skill level 9 in Short Blades
 10390 | D:9      | HP: 2/53 [orc priest/divine providence (10)]
 10677 | D:9      | Noticed Erolcha
 10681 | D:9      | Killed Erolcha
 10682 | D:9      | Reached XP level 11. HP: 56/56 MP: 16/21
 10742 | D:9      | Noticed a two-headed ogre
 10743 | D:9      | Killed a two-headed ogre
 10750 | D:9      | Noticed a tengu warrior
 10754 | D:9      | Killed a tengu warrior
 10755 | D:9      | Noticed a centaur warrior
 10757 | D:9      | Noticed a rakshasa
 10769 | D:9      | Noticed a boulder beetle
 10778 | D:9      | Shot with an arrow by a centaur warrior

Illustrated notes

Levels and vault maps discovered:
D:1:      tarquinn_simple_flora_water_b, layout_basic,
          ebering_ecumenical_altar_webs, minmay_close_crescents
D:2:      layout_loops_cross, basic_altar, serial_bayou_lagoon_b
D:3:      layout_loops_ring, ebering_ghost_gozag, kennysheep_big_empty_room
D:4:      layout_rooms, zin_purify
D:5:      layout_loops_ring, mainiacjoe_overflow_brackets,
          nicolae_overflow_hallway_of_the_gods, serial_shops, shop,
          nicolae_shop_stone, shop
D:6:      lemuel_insect_pit, layout_basic, nicolae_qazlal_beasts_of_the_sky,
          minmay_temple_entry_drinking_statues
D:7:      layout_basic, nemelex_dance_club_becter
D:8:      layout_loops_ring, erik_lair_island, serial_shops,
          nicolae_shop_tiny_waterfront
D:9:      minmay_the_grid_plus [minmay_the_grid_embedded, minmay_the_grid_paths,
          minmay_the_grid_tree, minmay_the_grid_x,
          minmay_the_grid_prize_trominoes], layout_cave_pools, orc_0_dummy,
          st_stairs_6, dk_noncrumbling_4, uniq_harold, uniq_erolcha, uniq_erica

Skill      XL: |  1  2  3  4  5  6  7  8  9 10 11 |
---------------+----------------------------------+-----
Stealth        | 5 6 7 8 12 | 12.6
Short Blades   | 2 3 4 5 8 9 10 | 10.0
Spellcasting   | 4 5 6 |  6.0
Hexes          | 5 8 9 10 | 10.0
Dodging        | 3 8 |  8.7
Fighting       | 1 3 6 |  6.0

Action                     |  1- 3 |  4- 6 |  7- 9 | 10-12 || total
---------------------------+-------+-------+-------+-------++-------
  Melee: Dagger            |   162 |    83 |   151 |   127 ||   523
         Punch             |     5 |     3 |     8 |     3 ||    19
   Cast: Ensorcelled Hiber |    10 |    37 |    70 |    57 ||   174
         Confusing Touch   |       |     3 |     6 |     6 ||    15
  Evoke: Wand              |       |       |     6 |    10 ||    16
    Use: Potion            |       |     1 |       |       ||     1
         Scroll            |       |       |     8 |     1 ||     9
   Stab: Sleeping          |    16 |    30 |    54 |    26 ||   126
         Confused          |       |     3 |     5 |     5 ||    13
         Distracted        |       |       |     3 |     4 ||     7
 Armour: Robe              |    39 |    46 |    40 |    40 ||   165
  Dodge: Dodged            |   123 |   144 |   116 |    86 ||   469
  Block: Buckler           |       |       |       |    21 ||    21

Table legend: (Time is in decaauts)
 A = Elapsed time spent in this place.
 B = Non-inter-level travel time spent in this place.
 C = Inter-level travel time spent in this place.
 D = Time resting spent in this place.
 E = Time spent auto-exploring this place.
 F = Levels seen in this place.
 G = Mean time per level.
                   A        B        C        D        E       F      G
               +--------+--------+--------+--------+--------+-----+--------+
         Total |   8105 |   7747 |    358 |   1469 |   4882 |   9 |  900.6 |
       Dungeon |   8105 |   7747 |    358 |   1469 |   4882 |   9 |  900.6 |
               +--------+--------+--------+--------+--------+-----+--------+

Top non-repeatable levels by time:
     D:8: 1545 daAuts
     D:3: 1147 daAuts
     D:1: 1098 daAuts
     D:6: 1068 daAuts
     D:7: 773 daAuts
     D:9: 676 daAuts
     D:2: 654 daAuts
     D:5: 648 daAuts
     D:4: 492 daAuts
